 Dungeon Crawl Stone Soup version 0.20.1-1-g8b1a95d (console) character file.

58 bli the Firebug (level 4, 0/24 HPs)
             Began as a Gargoyle Fire Elementalist on Aug 18, 2017.
             Killed from afar by a white imp (6 damage)
             ... with a puff of frost
             ... summoned by Natasha
             ... on level 2 of the Dungeon.
             The game lasted 00:06:04 (922 turns).

bli the Firebug (Gargoyle Fire Elementalist)         Turns: 922, Time: 00:06:04

Health: 0/24       AC:  7    Str: 11    XL:     4   Next: 2%
Magic:  1/8        EV: 12    Int: 17    God:
Gold:   84         SH:  0    Dex: 10    Spells: 7/8 levels left

rFire    . . .     SeeInvis .   e - +0 mace
rCold    . . .     Gourm    .   (no shield)
rNeg     + . .     Faith    .   a - +0 robe
rPois    ∞         Spirit   .   (no helmet)
rElec    +         Reflect  .   n - +0 cloak
rCorr    .         Harm     .   i - +0 pair of gloves
MR       .....                  (no boots)
Stlth    ++........             g - amulet of rage
Regen    0.1/turn               (no ring)
MPRegen  0.2/turn               (no ring)

@: no status effects
A: negative energy resistance 1, electricity resistance, unbreathing,
petrification resistance, rot immunity, AC +3
a: Evoke Berserk Rage


You were on level 2 of the Dungeon.
You were not hungry.

You visited 1 branch of the dungeon, and saw 2 of its levels.

You collected 84 gold pieces.

Inventory:

Hand Weapons
 e - a +0 mace (weapon)
 o - a +0 mace
Missiles
 k - 15 stones (quivered)
Armour
 a - a +0 robe (worn)
 i - a +0 pair of gloves (worn)
 j - a +0 leather armour
 l - a +0 leather armour
 n - a +0 cloak (worn)
Jewellery
 g - an amulet of rage (around neck)
Scrolls
 d - a scroll of teleportation {unknown}
 f - 4 scrolls of identify {unknown}
 p - a scroll of amnesia {unknown}
Potions
 h - 3 potions of curing {unknown}
Books
 b - a book of Flames

   Spells                             Type                      Level
   a - Flame Tongue                   Conjuration/Fire             1
   b - Throw Flame                    Conjuration/Fire             2
   c - Conjure Flame                  Conjuration/Fire             3
   d - Inner Flame                    Hexes/Fire                   3
   e - Sticky Flame                   Conjuration/Fire             4
   f - Fireball                       Conjuration/Fire             5
 q - a book of Cantrips

   Spells                             Type                      Level
   a - Confusing Touch                Hexes                        1
   b - Animate Skeleton               Necromancy                   1
   c - Summon Small Mammal            Summoning                    1
   d - Apportation                    Translocation                1
Comestibles
 c - a bread ration
 m - 3 chunks of flesh


   Skills:
 + Level 0.2 Fighting
 + Level 1.0 Maces & Flails
 + Level 2.1 Dodging
 + Level 2.7 Stealth
 * Level 2.9 Spellcasting
 + Level 1.3 Conjurations
 + Level 3.0 Fire Magic


You had 7 spell levels left.
You knew the following spells:

 Your Spells              Type           Power        Failure   Level  Hunger
a - Flame Tongue          Conj/Fire      #....        8%          1    #......


Dungeon Overview and Level Annotations

Branches:
Dungeon (2/15)

Altars:

Annotations:
D:2 Natasha


Innate Abilities, Weirdness & Mutations

You are resistant to torment.
Your stone body is resilient. (AC +3)
You are immune to poison.
You resist negative energy. (rN+)
You are resistant to electric shocks. (rElec)
You can survive without breathing.
You are immune to petrification.
You are immune to rotting.


Message History

Natasha closely misses you.
You barely miss Natasha.
Natasha is heavily wounded.
Natasha barely misses you.
The shadow imp hits you but does no damage.
Natasha closely misses you. The shadow imp barely misses you.
Natasha mumbles some strange words.
Natasha mumbles some strange words.
The white imp gestures at you. The puff of frost hits you!
* * * LOW HITPOINT WARNING * * *
Found an escape hatch in the ceiling.
Natasha wildly gestures.
Natasha shimmers violently.
The white imp gestures at you. The puff of frost misses you.
Found a stone staircase leading up.
The white imp gestures at you. The puff of frost hits you!
You die...

#.#..............†.!...
........###..h......<.#...<#
............#..............#
..............>............#
......)....................#
#.........##..#######).....#
..........###..5h####.......
..........# ##.#55..........
..........####)#####5.......
...........#...............#
#............###@#..........
...........### #.#..........
...........# #.#..........
.........#.# #............
..........................
...........######........#
...........# ....<....
...........# ...........#
..........#


You could see a white imp.

Vanquished Creatures
  2 adders (D:2)
  An ooze (D:1)
  3 dart slugs (D:1)
  2 leopard geckos (D:1)
  4 giant cockroaches
  2 goblins (D:1)
  A hobgoblin (D:1)
  3 jackals (D:2)
  3 bats
  A frilled lizard (D:1)
  3 kobolds
  3 rats
28 creatures vanquished.

Notes
Turn   | Place    | Note
-------+----------+-------------------------------------------
     0 | D:1      | bli the Gargoyle Fire Elementalist began the quest for the Orb.
     0 | D:1      | Reached XP level 1. HP: 10/10 MP: 3/3
   219 | D:1      | Reached XP level 2. HP: 15/15 MP: 1/5
   415 | D:1      | Reached XP level 3. HP: 19/19 MP: 3/6
   824 | D:2      | Noticed Natasha
   875 | D:2      | Reached skill level 1 in Maces & Flails
   875 | D:2      | Reached XP level 4. HP: 19/24 MP: 0/8
   922 | D:2      | Killed from afar by a white imp

Skill      XL: |  1  2  3 |
---------------+----------+-----
Dodging        | 2 |  2.1
Maces & Flails | 1 |  1.0
Fighting       | |  0.2
Stealth        | |  2.7
Spellcasting   | |  2.9
Conjurations   | |  1.3
Fire Magic     | |  3.0

Action                   |  1- 3 |  4- 6 || total
-------------------------+-------+-------++-------
Melee: Mace              |    44 |     7 ||    51
 Cast: Flame Tongue      |    23 |     6 ||    29
 Stab: Sleeping          |     1 |       ||     1
Armor: Robe              |    18 |     1 ||    19
Dodge: Dodged            |    38 |    10 ||    48
